 Dungeon Crawl Stone Soup version 0.25.0-11-g1f837a76a1 (webtiles) character file.

Game seed: 6277826483454910775

370 kalagan the Skirmisher (level 6, -6/38 HPs)
             Began as a Gargoyle Fighter on June 27, 2020.
             Mangled by an ice beast (9 damage)
             ... on level 2 of the Dungeon.
             The game lasted 00:04:46 (2870 turns).

kalagan the Skirmisher (Gargoyle Fighter)           Turns: 2870, Time: 00:04:47

Health: -6/38      AC: 12    Str: 22    XL:     6   Next: 70%
Magic:  6/6        EV:  8    Int:  8    God:
Gold:   141        SH:  9    Dex:  9    Spells: 5/5 levels left

rFire    . . .     SeeInvis .   a - +0 flail
rCold    . . .     Gourm    .   c - +0 kite shield
rNeg     + . .     Faith    .   b - +0 scale mail
rPois    ∞         Spirit   .   (no helmet)
rElec    +         Reflect  .   h - +0 cloak
rCorr    .         Harm     .   (no gloves)
MR       .....                  (no boots)
Stlth    ..........             (no amulet)
HPRegen  0.12/turn              (no ring)
MPRegen  0.10/turn              (no ring)

@: no status effects
A: negative energy resistance 1, electricity resistance, unbreathing,
petrification resistance, rot immunity, AC +4
a: no special abilities


You were on level 2 of the Dungeon.
You were not hungry.

You visited 1 branch of the dungeon, and saw 3 of its levels.

You collected 141 gold pieces.

Inventory:

Hand Weapons
 a - a +0 flail (weapon)
Missiles
 k - 2 datura-tipped darts (quivered)
Armour
 b - a +0 scale mail (worn)
 c - a +0 kite shield (worn)
 h - a +0 cloak (worn)
Scrolls
 i - 5 scrolls of teleportation {unknown}
 o - 3 scrolls of remove curse {unknown}
 q - a scroll of amnesia {unknown}
 r - a scroll of enchant weapon {unknown}
Potions
 e - a potion of curing {unknown}
 g - a potion of haste {unknown}
 l - a potion of brilliance {unknown}
 m - a potion of cancellation {unknown}
 n - 2 potions of degeneration {unknown}
 p - a potion of invisibility {unknown}
 s - a potion of lignification {unknown}
Comestibles
 f - 2 rations


   Skills:
 + Level 4.2 Fighting
 * Level 3.8 Maces & Flails
 + Level 1.1 Throwing
 + Level 4.2 Armour
 * Level 2.5 Dodging
 + Level 4.1 Shields


You had 5 spell levels left.
You didn't know any spells.
Your spell library was empty.

Dungeon Overview and Level Annotations

Branches:
Dungeon (3/15)

Altars:


Innate Abilities, Weirdness & Mutations

You are resistant to torment.
Your stone body is resilient. (AC +4)
You are immune to poison.
You resist negative energy. (rN+)
You are resistant to electric shocks. (rElec)
You can survive without breathing.
You are immune to petrification.
You are immune to rotting.


Message History

You throw a datura-tipped dart.
The datura-tipped dart hits the ice beast.
The ice beast resists.
You closely miss the ice beast. The ice beast barely misses you. x2
You barely miss the ice beast.
The ice beast hits you but does no damage.
You hit the ice beast.
The ice beast is lightly wounded.
The ice beast hits you. The ice beast freezes you!
* * * LOW HITPOINT WARNING * * *
You hit the ice beast but do no damage.
The ice beast is lightly wounded.
The ice beast hits you but does no damage.
The ice beast closely misses you.
You hit the ice beast.
The ice beast is lightly wounded.
The ice beast hits you.
* * * LOW HITPOINT WARNING * * *
The ice beast freezes you!
You die...

###......((.......[..............
#...###.####.##################
#...###.# #.# # #....##(# #.# #
#....##.# #.# # ###.#..##.# #.# #
....#..##.# #.# # #####..##.#
#.############ # # #..##.#
#..@Y.(......# # #####..##.#
############.####### ..........#
#.#...... #####..#### #.#.#####
.......######## #........
#####.........# #<#.##### #
#########.###########.#.## #
#................## #
#..#########......##


You could see an ice beast.

Vanquished Creatures
  Sigmund (D:2)
  An ogre (D:3)
  A worker ant (D:3)
  4 adders
  3 worms
  2 dart slugs
  2 orcs (D:3)
  4 bats
  A giant cockroach (D:3)
  6 goblins
  3 hobgoblins
  2 jackals (D:3)
  A quokka (D:2)
  6 frilled lizards
  10 kobolds
  7 rats
54 creatures vanquished.

Vanquished Creatures (collateral kills)
  An orc priest (D:3)
  3 orcs (D:3)
  A hobgoblin (D:3)
5 creatures vanquished.

Vanquished Creatures (others)
  An orc wizard (D:3)
  2 orcs (D:3)
3 creatures vanquished.

Grand Total: 62 creatures vanquished

Notes
Turn   | Place    | Note
-------+----------+-------------------------------------------
     0 | D:1      | kalagan the Gargoyle Fighter began the quest for the Orb.
     0 | D:1      | Reached XP level 1. HP: 14/14 MP: 1/1
   350 | D:1      | Reached XP level 2. HP: 19/19 MP: 2/2
   832 | D:1      | Reached XP level 3. HP: 19/23 MP: 3/3
  1021 | D:2      | Reached skill level 1 in Dodging
  1352 | D:2      | Reached XP level 4. HP: 29/29 MP: 4/4
  2077 | D:3      | Reached XP level 5. HP: 30/33 MP: 5/5
  2185 | D:3      | Noticed an ogre
  2190 | D:3      | Noticed Sigmund
  2200 | D:3      | Killed an ogre
  2519 | D:2      | Killed Sigmund
  2519 | D:2      | Reached skill level 1 in Throwing
  2519 | D:2      | Reached XP level 6. HP: 5/38 MP: 6/6
  2814 | D:3      | Noticed an ice beast
  2870 | D:2      | Mangled by an ice beast

Illustrated notes

Levels and vault maps discovered:
D:1:      nicolae_arrival_somewhat_less_tricky_arrival, layout_basic,
          minmay_tree_intersection, st_stairs_3
D:2:      layout_loops_ring
D:3:      layout_loops_ring, uniq_sigmund

Skill      XL: |  1  2  3  4  5 |
---------------+----------------+-----
Dodging        | 1 2 |  2.5
Maces & Flails | 3 |  3.8
Fighting       | 4 |  4.2
Armour         | 4 |  4.2
Throwing       | 1 |  1.1
Shields        | 4 |  4.1

Action                   |  1- 3 |  4- 6 || total
-------------------------+-------+-------++-------
Melee: Flail             |   134 |   102 ||   236
Throw: Dart              |       |     5 ||     5
  Use: Potion            |       |     1 ||     1
  Eat: Chunk             |     1 |     3 ||     4
       Ration            |       |     1 ||     1
Armor: Scale mail        |    75 |    56 ||   131
Dodge: Dodged            |    41 |    45 ||    86
Block: Kite shield       |    85 |    70 ||   155
